 Dungeon Crawl Stone Soup version 0.28-a0-1286-g6bde065e89 (webtiles) character file.

Game seed: 6240338777902938575

34 Zonian the Gusty (level 3, 0/19 HPs)
             Began as a Tengu Air Elementalist on Dec 26, 2021.
             Was a Follower of Nemelex Xobeh.
             Slain by a goblin (3 damage)
             ... led by Robin
             ... on level 2 of the Dungeon.
             The game lasted 00:01:43 (1833 turns).

Zonian the Gusty (Tengu Air Elementalist)           Turns: 1833, Time: 00:01:44

Health: 0/19       AC:  2    Str: 10    XL:     3   Next: 31%
Magic:  7/7        EV: 12    Int: 15    God:    Nemelex Xobeh [*.....]
Gold:   22         SH:  0    Dex: 14    Spells: 5/6 levels left

rFire   . . .      SeeInvis .   (no weapon)
rCold   . . .      Faith    .   (no shield)
rNeg    . . .      Spirit   .   a - +0 robe
rPois   .          Reflect  .   (helmet restricted)
rElec   .          Harm     .   (no cloak)
rCorr   .          Rampage  .   (no gloves)
Will    .....                   (boots unavailable)
Stlth   ++........              (no amulet)
HPRegen 0.06/turn               (no ring)
MPRegen 0.10/turn               (no ring)

@: no status effects
A: beak, talons 3
a: Renounce Religion, Draw Escape, Draw Destruction, Draw Summoning


You were on level 2 of the Dungeon.
You worshipped Nemelex Xobeh.
Nemelex Xobeh was aware of your devotion.
You visited 1 branch of the dungeon, and saw 2 of its levels.

You collected 22 gold pieces.

Inventory:

Armour
 a - a +0 robe (worn)
 b - a +0 leather armour
Scrolls
 c - a scroll of vulnerability {unknown}
 d - a scroll of teleportation {unknown}


   Skills:
 + Level 2.6 Dodging
 + Level 2.4 Stealth
 + Level 2.3 Spellcasting
 + Level 2.2 Conjurations
 + Level 4.3 Air Magic


You had 5 spell levels left.
You knew the following spells:

 Your Spells              Type           Power      Damage    Failure   Level
a - Shock                 Conj/Air       44%        1d5       5%          1

Your spell library contained the following spells:

 Spells                   Type           Power      Damage    Failure   Level
 Static Discharge         Conj/Air       11%        N/A       9%          2
 Swiftness                Air            14%        N/A       11%         3
 Airstrike                Air            7%         N/A       34%         4


Dungeon Overview and Level Annotations

Branches:
Dungeon (2/15)

Altars:
Nemelex Xobeh

Annotations:
D:2 Robin


Innate Abilities, Weirdness & Mutations

You have a beak for a mouth.
You have claws for feet.


Message History

You kill the hobgoblin!
You are too depleted to draw on your mana recklessly!
Unknown command.
You start resting.
Magic restored.
You start waiting.
Robin of the Strong Arm comes into view.
They are wielding a +0 spear and carrying a wand of flame (9).
Robin is nearby!
Unknown command. 2 goblins and a hobgoblin come into view.
A goblin comes into view. It is wielding a +0 club.
The goblin hits you but does no damage.
You closely miss the goblin.
The goblin shouts!
The hobgoblin shouts!
You claw the goblin.
You kill the goblin!
You hit the goblin.
The goblin is heavily wounded.
The goblin hits you with a +0 dagger.
You hit the goblin but do no damage. You peck the goblin.
You kill the goblin!
Robin shouts!
You hit the goblin but do no damage. Your peck misses the goblin.
The goblin hits you with a +0 club. Robin closely misses you.
Unknown command.
You hit the goblin.
The goblin is moderately wounded.
The goblin hits you with a +0 club. Robin barely misses you.
Unknown command.
You closely miss the goblin.
The goblin is moderately wounded.
The goblin hits you but does no damage.
Robin zaps a wand.
The puff of flame hits you!
Ouch! That really hurt!
* * * LOW HITPOINT WARNING * * *
You barely miss the goblin. Your peck misses the goblin.
The goblin is moderately wounded.
The goblin hits you with a +0 club.
You die...
Your body disappears without a glow.

.. #######.####.# ...
.....).......#
....##########)######
........#### #g#
#......# #.# #.#<##.#
#†# # ####g# #.# #g#
#.# #@###.# #..g..#
#####.# #.# ###


You could see Robin, a hobgoblin and a goblin.

Vanquished Creatures
  A dart slug (D:1)
  An endoplasm (D:1)
  2 giant cockroaches (D:1)
  9 goblins
  4 hobgoblins
  A quokka (D:1)
  4 ball pythons (D:1)
  A bat (D:1)
  3 frilled lizards (D:1)
  A kobold (D:1)
  A rat (D:1)
28 creatures vanquished.

Notes
Turn   | Place    | Note
-------+----------+-------------------------------------------
     0 | D:1      | Zonian the Tengu Air Elementalist began the quest for the
                  | Orb.
     0 | D:1      | Reached XP level 1. HP: 10/10 MP: 4/4
   693 | D:1      | Reached XP level 2. HP: 15/15 MP: 0/6
  1307 | D:1      | Reached XP level 3. HP: 19/19 MP: 5/7
  1535 | D:1      | Found a faded altar of an unknown god.
  1538 | D:1      | Prayed at the altar of an unknown god.
  1538 | D:1      | Became a worshipper of Nemelex Xobeh the Trickster
  1538 | D:1      | Reached * piety under Nemelex Xobeh
  1593 | D:1      | Received a gift from Nemelex Xobeh
  1821 | D:2      | Noticed Robin
  1833 | D:2      | Slain by a goblin

Illustrated notes

Levels and vault maps discovered:
D:1:      noname_arrival_rooms_in_the_neighbourhood, layout_rooms,
          hellmonk_ecumenical_altar_inner_sanctum
D:2:      layout_basic, uniq_robin

Skill      XL: |  1  2 |
---------------+-------+-----
Conjurations   | 2 |  2.2
Dodging        | |  2.6
Stealth        | |  2.4
Spellcasting   | |  2.3
Air Magic      | |  4.3

Action                   || total
-------------------------++-------
Melee: Unarmed           ||    16
       Kick              ||     4
       Peck              ||     1
 Cast: Shock             ||    50
Armor: Robe              ||     4
Dodge: Dodged            ||     8

Table legend: (Time is in decaauts)
 A = Elapsed time spent in this place.
 B = Non-inter-level travel time spent in this place.
 C = Inter-level travel time spent in this place.
 D = Time resting spent in this place.
 E = Time spent auto-exploring this place.
 F = Levels seen in this place.
 G = Mean time per level.
                   A        B        C        D        E       F      G
               +--------+--------+--------+--------+--------+-----+--------+
         Total |   1832 |   1824 |      8 |    860 |    801 |   2 |  916.0 |
       Dungeon |   1832 |   1824 |      8 |    860 |    801 |   2 |  916.0 |
               +--------+--------+--------+--------+--------+-----+--------+

Top non-repeatable levels by time:
     D:1: 1656 daAuts
     D:2: 176 daAuts
